 Dungeon Crawl Stone Soup version 0.22-a0-392-g5dc3fd9 (webtiles) character file.

93 Collin1234 the Skirmisher (level 4, 0/41 HPs)
             Began as a Hill Orc Fighter on May 1, 2018.
             Slain by an adder (2 damage)
             ... on level 2 of the Dungeon.
             The game lasted 00:05:31 (1494 turns).

Collin1234 the Skirmisher (Hill Orc Fighter)        Turns: 1494, Time: 00:05:32

Health: 0/41       AC: 11    Str: 23    XL:     4   Next: 62%
Magic:  4/4        EV:  4    Int:  9    God:
Gold:   67         SH:  9    Dex: 10    Spells: 3/3 levels left

rFire    . . .     SeeInvis .   a - +0 rapier
rCold    . . .     Gourm    .   c - +0 shield
rNeg     . . .     Faith    .   r - +0 plate armour
rPois    .         Spirit   .   (no helmet)
rElec    .         Reflect  .   (no cloak)
rCorr    .         Harm     .   (no gloves)
MR       .....                  (no boots)
Stlth    ..........             (no amulet)
HPRegen  0.13/turn              (no ring)
MPRegen  0.09/turn              (no ring)

@: mighty, lethally poisoned (0 -> -4), starving
A: no striking features
a: no special abilities


You were on level 2 of the Dungeon.
You were starving.

You visited 1 branch of the dungeon, and saw 2 of its levels.

You collected 67 gold pieces.

Inventory:

Hand Weapons
 a - a +0 rapier (weapon)
Missiles
 h - 23 arrows
 l - 34 stones
 n - 4 tomahawks (quivered)
Armour
 b - a +0 scale mail
 c - a +0 shield (worn)
 r - a +0 plate armour (worn)
Scrolls
 e - a scroll of immolation {unknown}
 g - a scroll of teleportation {unknown}
 j - a scroll of enchant armour {unknown}
 k - a scroll of magic mapping {unknown}
 m - a scroll of fear {unknown}
 o - a scroll of blinking {unknown}
 p - 2 scrolls of fog {unknown}
 q - a scroll of identify {unknown}
Potions
 i - 2 potions of berserk rage {unknown}
Comestibles
 f - 2 rations


   Skills:
 + Level 4.3 Fighting
 + Level 2.5 Short Blades
 + Level 0.2 Throwing
 + Level 3.9 Armour
 + Level 1.0 Dodging
 + Level 4.0 Shields


You had 3 spell levels left.
You didn't know any spells.

Dungeon Overview and Level Annotations

Branches:
Dungeon (2/15)

Altars:
Ashenzari


Message History

You feel sick. The adder barely misses you.
Your shield and plate armour prevent you from hitting the adder.
* * * LOW HITPOINT WARNING * * *
You feel sick. The adder barely misses you.
The adder bites you but does no damage.
You are starving!
You closely miss the adder. You block the adder's attack.
The adder bites you but does no damage.
You hit the adder.
The adder is lightly wounded.
* * * LOW HITPOINT WARNING * * *
You feel sick. The adder bites you but does no damage.
You hit the adder.
The adder is heavily wounded.
The adder bites you but does no damage.
You miss the adder.
The adder is heavily wounded.
* * * LOW HITPOINT WARNING * * *
You feel sick. The adder bites you.
You die...

#................._..
#.##############.#.#. #.#
#.#.## #.##### #.#...
#†....# #.#### #.....#
#..... #######.....#
#.#### ............+ #.#
#######...@S# #.# #.....#
#.#### #.....### #.....
#>......## #.####
#........# #.#
..#####........# #..
.....(.........## #...
########.....#..####.#....
.......................


You could see an adder.

Vanquished Creatures
  5 adders (D:2)
  A gnoll (D:1)
  A dart slug (D:2)
  A ball python (D:1)
  3 bats
  10 goblins
  3 hobgoblins (D:1)
  A frilled lizard (D:1)
  7 kobolds
  5 rats (D:1)
37 creatures vanquished.

Notes
Turn   | Place    | Note
-------+----------+-------------------------------------------
     0 | D:1      | Collin1234 the Hill Orc Fighter began the quest for the Orb.
     0 | D:1      | Reached XP level 1. HP: 19/19 MP: 1/1
   254 | D:1      | Reached XP level 2. HP: 27/27 MP: 2/2
   526 | D:1      | Reached XP level 3. HP: 32/33 MP: 3/3
  1190 | D:2      | Found a shattered altar of Ashenzari.
  1208 | D:2      | Reached XP level 4. HP: 31/40 MP: 4/4
  1432 | D:2      | Reached skill level 1 in Dodging
  1494 | D:2      | HP: 2/41 [poisoned by an adder]
  1494 | D:2      | Slain by an adder

Vault maps used:
D:1:      erik_arrival_cave_to_civilisation
D:2:      marbit_many_paths, first_ration, ashenzari_altar_1

Skill      XL: |  1  2  3  4 |
---------------+-------------+-----
Fighting       | 4 |  4.3
Shields        | 4 |  4.0
Dodging        | 1 |  1.0
Short Blades   | |  2.5
Throwing       | |  0.2
Armour         | |  3.9

Action                   |  1- 3 |  4- 6 || total
-------------------------+-------+-------++-------
Melee: Rapier            |   105 |    41 ||   146
Throw: Tomahawk          |    14 |     5 ||    19
       Stone             |     1 |       ||     1
  Use: Potion            |       |     1 ||     1
Armor: Scale mail        |    82 |    17 ||    99
       Plate armour      |       |    11 ||    11
Dodge: Dodged            |    53 |    14 ||    67
Block: Shield            |    83 |    20 ||   103

Table legend:
 A = Spawn XP
 B = Non-spawn XP
 C = Spawn XP percentage of total XP
 D = Spawn monster count
 E = Non-spawn monster count
 F = Spawn count percentage of total count
 G = Total turns spent on level
                    A         B        C        D         E        F      G
               +---------+---------+-------+---------+---------+-------+---------
         Total |       0 |     134 |   0.0 |       0 |      37 |   0.0 |  1494
               +---------+---------+-------+---------+---------+-------+---------
           D:1 |       0 |      55 |   0.0 |       0 |      26 |   0.0 |   979
           D:2 |       0 |      79 |   0.0 |       0 |      11 |   0.0 |   515
               +---------+---------+-------+---------+---------+-------+---------
